 Dungeon Crawl Stone Soup version 0.31-a0-188-g5e087ee2ca (webtiles) character file.

Game seed: 9238182083901137279

67 Ijustatesigmund the Stinger (level 4, -2/29 HPs)
             Began as an Octopode Venom Mage on June 23, 2023.
             Slain by a kobold
             ... wielding a +0 short sword
              (4 damage)
             ... on level 2 of the Dungeon.
             The game lasted 00:02:50 (1190 turns).

Ijustatesigmund the Stinger (Octopode Venom Mage)   Turns: 1190, Time: 00:02:50

Health: -2/29      AC:  1    Str:  6 (7)  XL:     4   Next: 16%
Magic:  6/8        EV: 13    Int: 16 (19) God:
Gold:   130        SH:  0    Dex: 11 (12) Spells: 2/8 levels left

rFire   . . .        e - +0 spear
rCold   . . .        (no shield)
rNeg    . . .        (helmet restricted)
rPois   .            (no amulet)
rElec   .            (no ring)
rCorr   .            (no ring)
SInv    .            (no ring)
Will    .....        (no ring)
Stlth   +++          (no ring)
HPRegen 0.24/turn    (no ring)
MPRegen 0.11/turn    (no ring)
                     (no ring)

%: no passive effects
@: brilliant, lethally poisoned (-2 -> -6)
A: almost no armour, amphibious, 8 rings, camouflage 1, gelatinous body 1,
(nimble swimmer 1), tentacles
a: no special abilities


You were on level 2 of the Dungeon.
You visited 1 branch of the dungeon, and saw 2 of its levels.

You collected 130 gold pieces.

Inventory:

Hand Weapons
 e - a +0 spear (weapon)
Jewellery
 c - a ring of ice
Scrolls
 d - a scroll of noise {unknown}
Potions
 a - a potion of magic


   Skills:
 + Level 2.0 Fighting
 - Level 2.0 Dodging
 - Level 2.6 Stealth
 + Level 2.7 Spellcasting
 - Level 1.0 Transmutations
 + Level 4.5 Poison Magic


You had 2 spell levels left.
You knew the following spells:

 Your Spells              Type           Power      Damage    Failure   Level
a - Sting                 Tmut/Pois      64%        1d6       6%          1
b - Poisonous Vapours     Pois/Air       28%        N/A       12%         2
c - Mephitic Cloud        Conj/Pois/Air  10%        N/A       30%         3

Your spell library contained the following spells:

 Spells                   Type           Power      Damage    Failure   Level
 Apportation              Tloc           6%         N/A       19%         1
 Necrotise                Necr           12%        1d4       19%         1
 Summon Small Mammal      Summ           12%        N/A       19%         1
 Olgreb's Toxic Radiance  Pois           24%        N/A       30%         4


Dungeon Overview and Level Annotations

Branches:
Dungeon (2/15)

Altars:
Ru


Innate Abilities, Weirdness & Mutations

You cannot wear most types of armour.
You are amphibious.
You can wear up to eight rings at the same time.
Your skin changes colour to match your surroundings (Stealth+).
Your rubbery body absorbs attacks. (AC +1, EV +1)
((You are camouflaged when in or above water. (Stealth+)))
You have tentacles for arms and can constrict up to eight enemies at once.


Message History

You are too injured to fight recklessly!
You are too injured to fight recklessly!
You are too injured to fight recklessly!
You are too injured to fight recklessly!
You are too injured to fight recklessly!
You are too injured to fight recklessly!
You are too injured to fight recklessly!
You are too injured to fight recklessly!
You are too injured to fight recklessly!
Unknown command.
Casting: Poisonous Vapours (safe; 12% risk of failure)
Confirm with . or Enter, or press ? or * to list all spells.
Aiming: Sting (safe; 6% risk of failure)
Press: ? - help, Shift-Dir - straight line, f/p - adder
Aim: an adder (heavily wounded, constricted by you, 90% to hit)
The sting hits the adder.
The adder is poisoned.
The adder is severely wounded.
You constrict the adder.
You feel sick. The adder bites you.
You are more poisoned.
The adder poisons you! The kobold completely misses you.
You hit the adder but do no damage. Your squeeze misses the adder.
The adder is severely wounded.
You constrict the adder.
You feel sick.
You kill the adder!
The kobold barely misses you.
You feel your strength returning.
Your Fighting skill increases to level 2!
It was a potion of brilliance.
You feel clever all of a sudden.
* * * LOW HITPOINT WARNING * * *
You feel sick.
The kobold hits you with a +0 short sword.
* * * LOW HITPOINT WARNING * * *
The goblin closely misses you.
This is a scroll of acquirement!
Something appears before you!
* * * LOW HITPOINT WARNING * * *
You feel sick.
The kobold hits you with a +0 short sword.
You die...

....... .#. .......
####.. ....... ###.....
.###### ##......
###....).# .#. .....
......... .. .....
......K.##### ..#.....
.....rg@....## .......
..##.###.##..####.......
#........##......
####.###..#...... #.#
##........ #.# ###.#..##
##.### #......
#.....###..###.
#..............


You could see a quokka, a goblin and a kobold.

Vanquished Creatures
  3 adders (D:2)
  2 dart slugs (D:2)
  3 endoplasms (D:1)
  A giant cockroach (D:1)
  4 goblins
  3 hobgoblins
  2 jackals (D:1)
  2 quokkas (D:1)
  A ball python (D:1)
  3 bats
  3 frilled lizards
  4 kobolds
  2 rats (D:1)
33 creatures vanquished.

Notes
Turn   | Place    | Note
-------+----------+-------------------------------------------
     0 | D:1      | Ijustatesigmund the Octopode Venom Mage began the quest for
                  | the Orb.
     0 | D:1      | Reached XP level 1. HP: 11/11 MP: 3/3
   234 | D:1      | Reached XP level 2. HP: 18/18 MP: 1/5
   241 | D:1      | Learned a level 2 spell: Poisonous Vapours
   378 | D:1      | Reached skill level 1 in Fighting
   407 | D:1      | Found a faded altar of an unknown god.
   411 | D:1      | Reached skill level 4 in Poison Magic
   613 | D:1      | Reached XP level 3. HP: 23/23 MP: 6/6
   617 | D:1      | Learned a level 3 spell: Mephitic Cloud
  1002 | D:2      | Found a sacrificial altar of Ru.
  1104 | D:2      | Reached XP level 4. HP: 29/29 MP: 5/8
  1190 | D:2      | Identified a scroll of acquirement
  1190 | D:2      | Acquired a +6 ring of intelligence
  1190 | D:2      | Slain by a kobold

Illustrated notes

Levels and vault maps discovered:
D:1:      lightli_arrival_quake, layout_rooms,
          hellmonk_ecumenical_altar_zigzags, minmay_split_cup_small
D:2:      layout_rooms, serial_glass, glass_columns_a, glass_columns_a,
          basic_altar, ebering_dispersal_statue_hall, kennysheep_boxes

Skill      XL: |  1  2  3  4 |
---------------+-------------+-----
Fighting       | 1 2 |  2.0
Poison Magic   | 4 |  4.5
Dodging        | |  2.0
Stealth        | |  2.6
Spellcasting   | |  2.7
Transmutations | |  1.0

Action                     |  1- 3 |  4- 6 || total
---------------------------+-------+-------++-------
  Melee: Unarmed           |     6 |       ||     6
         Short sword       |     9 |       ||     9
         Constrict         |     6 |     1 ||     7
         Tentacles         |     9 |     1 ||    10
         Spear             |    41 |     6 ||    47
   Cast: Sting             |     9 |     1 ||    10
         Poisonous Vapours |    11 |     2 ||    13
    Use: Potion            |     3 |     1 ||     4
         Scroll            |       |     1 ||     1
   Stab: Sleeping          |     2 |       ||     2
 Armour: Skin              |     9 |     1 ||    10
  Dodge: Dodged            |    50 |     6 ||    56

Table legend: (Time is in decaauts)
 A = Elapsed time spent in this place.
 B = Non-inter-level travel time spent in this place.
 C = Inter-level travel time spent in this place.
 D = Time resting spent in this place.
 E = Time spent auto-exploring this place.
 F = Levels seen in this place.
 G = Mean time per level.
                   A        B        C        D        E       F      G
               +--------+--------+--------+--------+--------+-----+--------+
         Total |   1193 |   1180 |     13 |    221 |    733 |   2 |  596.5 |
       Dungeon |   1193 |   1180 |     13 |    221 |    733 |   2 |  596.5 |
               +--------+--------+--------+--------+--------+-----+--------+

Top non-repeatable levels by time:
     D:1: 857 daAuts
     D:2: 336 daAuts
